Description

just a test based on PiG's 2023 B2GM ling/bane build order

Build Order

Get SALT Encoding   

  13  0:05  Overlord  
  17  0:45  Hatchery -> gas -> pool  
  19  1:40  Overlord  
  20  2:00  Queen 2x + 4x lings  
  26  2:10  Metabolic Boost  
  31  2:40  Hatchery -> ovie -> 3rd queen  
  40  3:20  Overlord 2x  
  44  3:50  Baneling Nest + 2nd gas @natural saturated  
  50  4:00  Overlord scout + one round of lings  
  55  4:30  Lair + double evo  
  60  5:00  Hatchery 2x for macro  
  70  5:30  Centrifugal Hooks 1-1 + bane speed @lair finished  
  80  6:00  Hatchery 4th + 5th  
Spawning Tool Build Advisor. Get it on Overwolf

Analysis

  • 14 Drone scout
  • stop droning @2gas + 3minerals saturated (54 drones)

Set Attack Timing

  • 1-1 upgrades + ling speed + at least 3 rounds of juts ling/bane production

Benchmarking

  • 5:30 2gas + 3minerals saturated (54 drones)
  • 8:00 1-1 upgrades + bane speed; # of ling/bane units

Go to:

Details

  • Created by: E4er
  • Published on: Jan 20, 2026
  • Modified on: Jan 21, 2026
  • Patch: 5.0.11
  • Difficulty: Easy
Show
View Real Time Build Order
Export as new Build Order

Comments (0)

There are no comments. Be the first!

Create an account to comment!